 Dungeon Crawl Stone Soup version 0.26.1-10-gdfb7c7de75 (webtiles) character file.

Game seed: 521794222868801998

5096 harkras the Basher (level 10, -5/84 HPs)
             Began as a Minotaur Fighter on Apr 9, 2021.
             Was an Elder of Okawaru.
             Killed by divine providence
             ... invoked by a meliai
              (11 damage)
             ... on level 13 of the Dungeon.
             The game lasted 00:09:59 (8655 turns).

harkras the Basher (Minotaur Fighter)               Turns: 8655, Time: 00:09:59

Health: -5/84      AC: 27    Str: 23    XL:     10   Next: 32%
Magic:  12/12      EV:  4    Int: 10    God:    Okawaru [****..]
Gold:   551        SH: 13    Dex: 15    Spells: 9/9 levels left

rFire    . . .     SeeInvis .   x - +0 morningstar (curse)
rCold    . . .     Faith    .   M - +1 kite shield {AC+3}
rNeg     + . .     Spirit   .   L - +1 crystal plate armour "Pughiu" {Dex+4} (curse)
rPois    +         Reflect  .   (helmet restricted)
rElec    .         Harm     .   C - +2 ratskin cloak {*Rats rPois rN+ Str-1 Int-1 Dex+1}
rCorr    .         Rampage  .   (no gloves)
Will     +....                  r - +0 pair of boots
Stlth    ..........             t - amulet of regeneration
HPRegen  0.64/turn              h - +6 ring of intelligence
MPRegen  0.13/turn              j - ring of willpower

@: hasted, very quick
A: retaliatory headbutt, horns 2
a: Renounce Religion, Heroism


You were on level 13 of the Dungeon.
You worshipped Okawaru.
Okawaru was greatly pleased with you.
You visited 2 branches of the dungeon, and saw 12 of its levels.
You also visited: Bailey.

You collected 551 gold pieces.

Inventory:

Hand Weapons
 a - a +0 flail
 x - a cursed +0 morningstar (weapon)
Armour
 b - a +0 scale mail
 c - a +0 kite shield
 r - a +0 pair of boots (worn)
 C - the +2 ratskin cloak (worn) {*Rats rPois rN+ Str-1 Int-1 Dex+1}
   (You found it on level 4 of the Dungeon)

   It affects your strength (-1).
   It affects your intelligence (-1).
   It affects your dexterity (+1).
   It protects you from poison.
   It protects you from negative energy.
 L - the cursed +1 crystal plate armour "Pughiu" (worn) {Dex+4}
   (You found it in a bailey)

   It affects your dexterity (+4).
   It has a curse placed upon it.
 M - a +1 kite shield of protection (worn)
Jewellery
 h - a +6 ring of intelligence (left hand)
 j - a ring of willpower (right hand)
 s - an uncursed amulet of the acrobat
 t - an amulet of regeneration (around neck)
 y - an uncursed ring of ice
 F - an uncursed ring of protection from cold
Wands
 E - a wand of flame (15)
 H - a wand of disintegration (21)
 I - a wand of iceblast (8)
 O - a wand of polymorph (3)
 P - a wand of random effects (17)
Scrolls
 f - 4 scrolls of remove curse
 g - 2 scrolls of fear
 i - 2 scrolls of noise {unknown}
 l - 3 scrolls of enchant weapon {unknown}
 n - 4 scrolls of magic mapping {unknown}
 o - a scroll of immolation {unknown}
 p - 3 scrolls of amnesia {unknown}
 z - 3 scrolls of fog
 A - a scroll of blinking {unknown}
 J - a scroll of vulnerability {unknown}
 K - a scroll of enchant armour {unknown}
 N - a scroll of random uselessness {unknown}
Potions
 d - 2 potions of might
 e - a potion of mutation {unknown}
 q - a potion of haste
 u - 2 potions of degeneration
 v - 3 potions of brilliance
 w - a potion of resistance
 G - 2 potions of lignification {unknown}


   Skills:
 + Level 6.7 Fighting
 + Level 10.8 Maces & Flails
 + Level 7.9 Armour
 + Level 2.5 Dodging
 * Level 10.4 Shields
 * Level 4.7 Invocations


You had 9 spell levels left.
You didn't know any spells.
Your spell library contained the following spells:

 Spells                   Type           Power        Failure   Level
 Animate Skeleton         Necr           0%           100%        1
 Magic Dart               Conj           0%           100%        1
 Pain                     Necr           0%           100%        1
 Shock                    Conj/Air       0%           100%        1
 Summon Small Mammal      Summ           0%           100%        1
 Blink                    Tloc           N/A          100%        2
 Call Imp                 Summ           0%           100%        2
 Searing Ray              Conj           0%           100%        2
 Swiftness                Air            0%           100%        2
 Call Canine Familiar     Summ           0%           100%        3
 Dazzling Flash           Conj/Hex       0%           100%        3
 Gell's Gravitas          Tloc           0%           100%        3
 Lesser Beckoning         Tloc           0%           100%        3
 Static Discharge         Conj/Air       0%           100%        3
 Summon Guardian Golem    Hex/Summ       0%           100%        3
 Teleport Other           Tloc           0%           100%        3
 Vampiric Draining        Necr           0%           100%        3
 Airstrike                Air            0%           100%        4
 Animate Dead             Necr           0%           100%        4
 Fulminant Prism          Conj/Hex       0%           100%        4
 Iskenderun's Mystic Bla  Conj/Tloc      0%           100%        4
 Passage of Golubria      Tloc           N/A          100%        4
 Summon Ice Beast         Ice/Summ       0%           100%        4
 Summon Lightning Spire   Summ/Air       0%           100%        4
 Agony                    Necr           0%           100%        5
 Lightning Bolt           Conj/Air       0%           100%        5
 Summon Mana Viper        Hex/Summ       0%           100%        5
 Hydra Form               Tmut           0%           100%        6


Dungeon Overview and Level Annotations

Branches:
Dungeon (10/15)            Temple (1/1) D:6            Lair (0/6) D:8
 Bailey (visited)
    Orc: D:9-12

Altars:
Ashenzari
Cheibriados
Dithmenos
Elyvilon
Fedhas
Gozag
Hepliaklqana
Kikubaaqudgha
Makhleb
Nemelex Xobeh
Okawaru
Qazlal
Ru
Sif Muna
Trog
Uskayaw
Vehumet
Wu Jian
Xom
Yredelemnul
Zin
The Shining One

Shops:
D:9 =


Innate Abilities, Weirdness & Mutations

You reflexively headbutt those who attack you in melee.
You have a pair of horns on your head.


Message History

* * * LOW HITPOINT WARNING * * *
You closely miss the meliai. The meliai hits you but does no damage.
The meliai stings you but does no damage.
You block the meliai's attack. x2
You feel yourself speed up. The meliai closely misses you.
You block the meliai's attack.
You feel better.
The meliai invokes the aid of its god against you.
Something smites you!
* * * LOW HITPOINT WARNING * * *
You feel better. The meliai hits you but does no damage.
You block the meliai's attack. The meliai hits you but does no damage.
You block the meliai's attack.
Found 15 arrows.
The meliai invokes the aid of its god against you.
Something smites you!
* * * LOW HITPOINT WARNING * * *
The meliai mumbles some strange prayers to its god against you.
Something smites you!
You die...

### (.# #.# #.#
.. #.# #.# ...
#.# #@# ....
#.# #.#
....####.####y#
......^...##.y#
......)...##T##
....#.......y#
.).....T...###
>........$.#
..........##


You could see a troll and 3 meliai.

Vanquished Creatures
  A steam dragon (D:10)
  2 black bears
  2 phantoms
  2 ice beasts
  7 orc warriors
  A necrophage (D:8)
  8 ogres
  3 centaurs
  6 bullfrogs
  2 big kobolds
  Blork the orc (D:6)
  A water moccasin skeleton (D:8)
  A wyvern skeleton (D:6)
  A scorpion (D:5)
  6 killer bees (D:7)
  8 wights (D:9)
  A howler monkey (D:8)
  4 hounds
  2 jellies (D:5)
  6 orc priests
  10 orc wizards
  A centaur skeleton (D:4)
  2 iguanas
  9 worker ants
  A hound skeleton (D:6)
  7 gnolls
  13 adders
  A howler monkey skeleton (D:9)
  5 shadow imps
  A white imp (D:7)
  5 ufetubi
  An ooze (D:2)
  An adder skeleton (D:5)
  2 adder zombies
  4 worms
  3 dart slugs
  2 leopard geckos
  65 orcs
  5 bats
  8 giant cockroaches
  6 goblins
  11 hobgoblins
  9 jackals
  12 kobolds
  5 quokkas
  6 ball pythons (D:2)
  5 frilled lizards
  2 jackal skeletons (D:6)
  A jackal zombie (D:5)
  10 rats
278 creatures vanquished.

Vanquished Creatures (others)
  A plant (D:6)
1 creature vanquished.

Grand Total: 279 creatures vanquished

Notes
Turn   | Place    | Note
-------+----------+-------------------------------------------
     0 | D:1      | harkras the Minotaur Fighter began the quest for the Orb.
     0 | D:1      | Reached XP level 1. HP: 19/19 MP: 0/0
   326 | D:1      | Reached XP level 2. HP: 27/27 MP: 1/1
   793 | D:2      | Reached XP level 3. HP: 25/33 MP: 2/2
   924 | D:2      | Found a snail-covered altar of Cheibriados.
  1032 | D:2      | Reached XP level 4. HP: 23/40 MP: 3/3
  1660 | D:2      | Reached XP level 5. HP: 47/47 MP: 4/4
  1696 | D:2      | Reached skill level 5 in Armour
  1983 | D:3      | Reached skill level 5 in Shields
  2285 | D:3      | Reached XP level 6. HP: 40/53 MP: 5/5
  2567 | D:4      | Reached skill level 5 in Maces & Flails
  2638 | D:4      | Reached skill level 1 in Dodging
  2638 | D:4      | Reached XP level 7. HP: 29/60 MP: 6/6
  2654 | D:5      | Entered Level 5 of the Dungeon
  2736 | D:4      | Found a stormy altar of Qazlal.
  2786 | D:4      | Found the +2 ratskin cloak {*Rats rPois rN+ Str-1 Int-1
                  | Dex+1}
  2984 | D:4      | Found a white marble altar of Elyvilon.
  3037 | D:4      | Found a basalt altar of Yredelemnul.
  3112 | D:4      | Reached skill level 5 in Fighting
  3521 | D:5      | Identified the Collected Works on Transformation and
                  | Companions
  4057 | D:6      | Noticed Blork the orc
  4060 | D:6      | Killed Blork the orc
  4061 | D:6      | Reached XP level 8. HP: 65/68 MP: 7/7
  4185 | D:6      | Found a staircase to the Ecumenical Temple.
  4293 | Temple   | Entered the Ecumenical Temple
  4347 | Temple   | Became a worshipper of Warmaster Okawaru
  4519 | D:6      | Found a sacrificial altar of Ru.
  4539 | D:6      | Found a hazy altar of Hepliaklqana.
  4540 | D:6      | Found a shadowy altar of Dithmenos.
  4585 | D:6      | Reached * piety under Okawaru
  4589 | D:6      | Reached skill level 1 in Invocations
  5076 | D:7      | Reached XP level 9. HP: 70/75 MP: 9/9
  5124 | D:7      | Reached ** piety under Okawaru
  6128 | D:8      | Found a staircase to the Lair.
  6182 | D:8      | Found an opulent altar of Gozag.
  6232 | D:8      | Reached *** piety under Okawaru
  6266 | D:8      | Reached skill level 10 in Maces & Flails
  6526 | D:8      | Found a blossoming altar of Fedhas.
  6818 | D:9      | Found Enyon's Jewellery Shoppe.
  6820 | D:9      | Found a flagged portal.
  6847 | Bailey   | Entered a bailey
  6959 | Bailey   | Reached XP level 10. HP: 52/84 MP: 10/12
  7332 | Bailey   | Got a brightly glowing crystal plate armour
  7343 | Bailey   | Identified the cursed +1 crystal plate armour "Pughiu"
                  | {Dex+4} (You found it in a bailey)
  7394 | Bailey   | Reached skill level 10 in Shields
  7576 | D:9      | Reached **** piety under Okawaru
  7792 | D:9      | Found a broken altar of Ashenzari.
  7868 | D:9      | Found an ancient bone altar of Kikubaaqudgha.
  8145 | D:9      | Found a sparkling altar of Nemelex Xobeh.
  8241 | D:9      | Found a shimmering blue altar of Sif Muna.
  8464 | D:10     | Entered Level 10 of the Dungeon
  8623 | D:10     | You fall into a shaft and drop 3 floors!
  8623 | D:13     | Noticed a deep elf mage
  8636 | D:13     | HP: 3/84 [wolf spider zombie (7)]
  8637 | D:13     | HP: 1/84 [wolf spider zombie (4)]
  8639 | D:13     | Noticed a boulder beetle
  8639 | D:13     | Noticed a two-headed ogre
  8655 | D:13     | Killed from afar by a meliai

Illustrated notes

Levels and vault maps discovered:
D:1:      eino_arrival_water_cross, layout_loops_ring
D:2:      layout_rooms, lemuel_crystal_altar, minmay_snake_closets
D:3:      layout_rooms
D:4:      layout_basic, grunt_qazlal_sundering, kennysheep_ying_yang
D:5:      layout_loops_ring
D:6:      layout_rooms, riverfiend_overflow_shadow_ancestor,
          minmay_temple_entry_gardened_gates, basic_altar, uniq_blork_the_orc
D:7:      layout_loops_cross, corexii_mini_fake_secret_closet, kennysheep_donut
D:8:      layout_loops_ring, lair_entry_dummy, basic_altar, st_stairs_3,
          nicolae_gozag_cash_rules_everything_around_me
D:9:      layout_loops_ring, lemuel_crystal_altar, lemuel_round_altar,
          evilmike_ruin_ashenzari, lemuel_blue_sif_altar, enter_bailey_2,
          serial_shops, shop, nrook_uturn
D:10:     layout_stronghold, david_orc_4, lemuel_tele_altar
D:13:     kennysheep_spiral_hall, layout_cave_pools, erik_vaults_2,
          ebering_ghost_gozag, uniq_snorg
Temple:   nicolae_temple_hex_pool

Skill      XL: |  1  2  3  4  5  6  7  8  9 10 |
---------------+-------------------------------+-----
Armour         | 4 5 6 7 |  7.9
Shields        | 4 5 6 7 8 9 10 | 10.4
Fighting       | 4 5 6 |  6.7
Maces & Flails | 3 4 5 7 8 10 | 10.8
Dodging        | 1 2 |  2.5
Invocations    | 2 4 |  4.7

Action                   |  1- 3 |  4- 6 |  7- 9 | 10-12 || total
-------------------------+-------+-------+-------+-------++-------
Melee: Flail             |    70 |   122 |       |       ||   192
       Headbutt          |    12 |    21 |    68 |    30 ||   131
       Morningstar       |       |    71 |   357 |   157 ||   585
Invok: Heroism           |       |       |     1 |       ||     1
  Use: Scroll            |       |     5 |     1 |     9 ||    15
       Potion            |       |       |     1 |     8 ||     9
Armor: Scale mail        |    39 |    82 |   137 |    10 ||   268
       Crystal plate arm |       |       |       |    91 ||    91
Dodge: Dodged            |    15 |    68 |   144 |    21 ||   248
Block: Kite shield       |    37 |   113 |   226 |   124 ||   500
